 Dungeon Crawl Stone Soup version 0.21.1-1-g345015f (webtiles) character file.

7683 Fang the Cleaver (level 11, -13/69 HPs)
             Began as a Gargoyle Berserker on May 30, 2018.
             Was a High Priest of Trog.
             Mangled by a two-headed ogre
             ... wielding a cursed -1 giant club
              (22 damage)
             ... on level 11 of the Dungeon.
             The game lasted 00:14:41 (12301 turns).

Fang the Cleaver (Gargoyle Berserker)              Turns: 12301, Time: 00:14:42

Health: -13/69     AC: 17    Str: 26    XL:     11   Next: 19%
Magic:  11/11      EV: 17    Int:  8    God:    Trog [*****.]
Gold:   750        SH:  0    Dex: 11    Spells: 10/10 levels left

rFire    x . .     SeeInvis .   a - +2 hand axe (chop)
rCold    + . .     Gourm    .   (no shield)
rNeg     + . .     Faith    .   r - +4 steam dragon scales
rPois    ∞         Spirit   .   (no helmet)
rElec    +         Reflect  .   (no cloak)
rCorr    .         Harm     .   (no gloves)
MR       .....                  (no boots)
Stlth    +++.......             t - amulet of rage
HPRegen  0.21/turn              D - ring of flight
MPRegen  0.12/turn              e - ring of ice

@: slowed, very slow
A: repulsion field 1, agile 1, negative energy resistance 1, electricity
resistance, strong 1, unbreathing, petrification resistance, rot immunity, AC +8
a: Berserk, Trog's Hand, Brothers in Arms, Burn Spellbooks, Renounce Religion,
Evoke Berserk Rage, Evoke Flight


You were on level 11 of the Dungeon.
You worshipped Trog.
Trog was extremely pleased with you.
You were very hungry.

You visited 1 branch of the dungeon, and saw 11 of its levels.

You collected 750 gold pieces.

Inventory:

Hand Weapons
 a - a +2 hand axe of chopping (weapon)
 d - a +5 hand axe
Missiles
 o - 6 poisoned javelins
 A - 2 poisoned tomahawks (quivered)
Armour
 r - +4 steam dragon scales (worn)
Jewellery
 e - a ring of ice (right hand)
 m - an uncursed ring of protection from cold
 t - an amulet of rage (around neck)
 y - an uncursed ring of protection from magic
 D - a ring of flight (left hand)
Wands
 C - a wand of polymorph (24)
 G - a wand of paralysis (17)
Scrolls
 b - 2 scrolls of magic mapping
 i - 4 scrolls of remove curse
 k - 6 scrolls of fear
 v - 6 scrolls of teleportation
Potions
 f - 3 potions of flight {unknown}
 h - a potion of might
 j - 2 potions of haste {unknown}
 l - 2 potions of heal wounds
 n - 5 potions of curing
 q - a potion of lignification {unknown}
 B - 2 potions of cancellation
 E - a potion of magic
Comestibles
 c - 10 rations


   Skills:
 + Level 8.9 Fighting
 + Level 11.2 Axes
 + Level 2.3 Armour
 + Level 6.4 Dodging
 + Level 6.6 Stealth


You had 10 spell levels left.
You didn't know any spells.

Dungeon Overview and Level Annotations

Branches:
Dungeon (11/15)            Temple (0/1) D:5            Lair (0/6) D:9
    Orc (0/2) D:10

Altars:
Ashenzari
Cheibriados
Elyvilon
Gozag
Okawaru
Ru
Trog
Uskayaw
Vehumet
Wu Jian
Xom
Yredelemnul
Zin
Beogh

Shops:
D:5 [   D:9 (


Innate Abilities, Weirdness & Mutations

You are resistant to torment.
Your stone body is resilient. (AC +8)
You are immune to poison.
You resist negative energy. (rN+)
You are resistant to electric shocks. (rElec)
You can survive without breathing.
You are immune to petrification.
You are immune to rotting.
You are surrounded by a mild repulsion field. (EV +2)
You are agile. (Dex +2)
Your muscles are strong. (Str +2)


Message History

A two-headed ogre is nearby!
An orc warrior comes into view. It is wielding a battleaxe.
The orc warrior shouts!
The two-headed ogre hits you with a giant club.
The two-headed ogre closely misses you.
An orc wizard comes into view. It is wielding a dagger.
There are monsters nearby!
There are monsters nearby!
You recover from your berserk rage.
The two-headed ogre barely misses you.
The two-headed ogre completely misses you.
An orc comes into view. It is wielding a hand axe.
The two-headed ogre completely misses you.
The two-headed ogre hits you but does no damage.
The orc shouts!
The orc warrior misses you.
The two-headed ogre hits you with a giant club!!
* * * LOW HITPOINT WARNING * * *
The two-headed ogre hits you with a giant club!!
You die...

.......####.............?.#
..........#............#...#
...........................#
......................
......o...............
.........#####........
.....o................
..........oO..........
.....#.....@..........
......................
...........>..........
....................%.
...................
..................
...............
...............


You could see a two-headed ogre, an orc warrior, an orc wizard (wandering) and
an orc.

Vanquished Creatures
  2 two-headed ogres
  Erica (D:11)
  The ghost of listentometal the Arsonist, a novice OpFE of Vehumet (D:7)
  Joseph (D:8)
  A hippogriff (D:9)
  A shadow (D:11)
  A steam dragon (D:10)
  A soldier ant (D:10)
  An orc warrior (D:9)
  A water moccasin (D:8)
  4 ice beasts
  A sky beast (D:9)
  2 necrophages
  2 phantoms
  5 ogres
  4 centaurs
  4 big kobolds
  5 bullfrogs
  A scorpion (D:7)
  3 wights (D:8)
  6 howler monkeys
  A bullfrog zombie (D:5)
  5 crimson imps
  5 hounds
  A quasit (D:10)
  4 orc priests (D:10)
  A centaur skeleton (D:9)
  A bullfrog skeleton (D:9)
  3 iguanas
  12 orc wizards
  9 worker ants
  4 gnolls (D:4)
  2 worker ant zombies
  19 adders
  3 shadow imps
  4 oozes
  An adder skeleton (D:9)
  3 worms
  4 dart slugs
  3 leopard geckos
  44 orcs
  8 bats
  7 giant cockroaches
  10 goblins
  5 hobgoblins
  14 jackals
  25 kobolds
  7 quokkas
  2 ball pythons
  7 frilled lizards
  A leopard gecko zombie (D:8)
  11 rats
274 creatures vanquished.

Notes
Turn   | Place    | Note
-------+----------+-------------------------------------------
     0 | D:1      | Fang the Gargoyle Berserker began the quest for the Orb.
     0 | D:1      | Reached XP level 1. HP: 14/14 MP: 1/1
   201 | D:1      | Reached XP level 2. HP: 15/19 MP: 2/2
   208 | D:1      | Reached skill level 3 in Axes
   596 | D:1      | Reached XP level 3. HP: 23/24 MP: 3/3
  1448 | D:2      | Reached ** piety under Trog
  1538 | D:2      | Found a snail-covered altar of Cheibriados.
  1554 | D:2      | Reached XP level 4. HP: 3/29 MP: 4/4
  1937 | D:2      | Found a radiant altar of Vehumet.
  2509 | D:3      | Reached skill level 1 in Stealth
  2509 | D:3      | Reached XP level 5. HP: 23/34 MP: 5/5
  2515 | D:3      | Reached skill level 4 in Axes
  2747 | D:3      | Reached *** piety under Trog
  3175 | D:3      | Found a sacrificial altar of Ru.
  3307 | D:3      | Found a glowing silver altar of Zin.
  3511 | D:4      | Reached XP level 6. HP: 39/39 MP: 6/6
  3762 | D:4      | Reached skill level 5 in Axes
  3992 | D:4      | Found an ornate altar of the Wu Jian Council.
  3992 | D:4      | Found a white marble altar of Elyvilon.
  4049 | D:4      | Reached XP level 7. HP: 25/44 MP: 7/7
  5022 | D:4      | Found a hide-covered altar of Uskayaw.
  5101 | D:4      | Reached skill level 5 in Fighting
  5245 | D:5      | Entered Level 5 of the Dungeon
  5308 | D:5      | Reached skill level 6 in Axes
  5334 | D:5      | Found a staircase to the Ecumenical Temple.
  5426 | D:5      | Found a shimmering altar of Xom.
  5466 | D:5      | Reached **** piety under Trog
  5466 | D:5      | Reached XP level 8. HP: 5/50 MP: 8/8
  5866 | D:5      | Got a bloodstained falchion
  5867 | D:5      | Identified the +4 falchion "Ceakax" {slice, +Rage} (You found it on level 5 of the Dungeon)
  5970 | D:5      | Found Fyxou's Armour Shop.
  6237 | D:6      | Received a gift from Trog
  6248 | D:6      | Found a shattered altar of Ashenzari.
  6689 | D:6      | Reached skill level 7 in Axes
  7086 | D:6      | Found an iron altar of Okawaru.
  7255 | D:6      | Found an opulent altar of Gozag.
  7711 | D:7      | Reached XP level 9. HP: 34/56 MP: 9/9
  7918 | D:7      | Noticed listentometal's ghost (novice OpFE)
  7932 | D:7      | Killed listentometal's ghost
  7932 | D:7      | Reached skill level 8 in Axes
  8082 | D:7      | Found a basalt altar of Yredelemnul.
  8341 | D:7      | HP: 3/84 [centaur (6)]
  8641 | D:7      | Gained mutation: Armour fits poorly on your strangely shaped body. [potion of mutation]
  8641 | D:7      | Gained mutation: You are surrounded by a mild repulsion field. (EV +2) [potion of mutation]
  8641 | D:7      | Gained mutation: Your flesh is cold resistant. (rC+) [potion of mutation]
  8641 | D:7      | Gained mutation: You are partially covered in iridescent scales. (AC +2) [potion of mutation]
  8642 | D:7      | Lost mutation: You are partially covered in iridescent scales. (AC +2) [potion of mutation]
  8642 | D:7      | Lost mutation: Your flesh is cold resistant. (rC+) [potion of mutation]
  8642 | D:7      | Lost mutation: Armour fits poorly on your strangely shaped body. [potion of mutation]
  8642 | D:7      | Gained mutation: Your muscles are strong. (Str +2) [potion of mutation]
  8642 | D:7      | Gained mutation: You are agile. (Dex +2) [potion of mutation]
  9100 | D:8      | Found Foguen's Antique Armour Shop.
  9111 | D:8      | Reached skill level 5 in Stealth
  9227 | D:8      | Noticed Joseph
  9243 | D:8      | Killed Joseph
  9243 | D:8      | Reached skill level 9 in Axes
  9464 | D:8      | Found a bloodstained altar of Trog.
  9548 | D:8      | Reached XP level 10. HP: 61/63 MP: 10/10
  9556 | D:8      | Reached skill level 5 in Dodging
  9633 | D:8      | Noticed a two-headed ogre
  9650 | D:8      | Killed a two-headed ogre
  9919 | D:9      | Reached skill level 10 in Axes
  9937 | D:9      | Noticed a two-headed ogre
  9975 | D:9      | Killed a two-headed ogre
 10182 | D:9      | Found Feosappilley's Weapon Shoppe.
 10203 | D:9      | Found a staircase to the Lair.
 10351 | D:9      | Reached ***** piety under Trog
 10769 | D:10     | Entered Level 10 of the Dungeon
 10818 | D:10     | HP: 1/64 [something (8)]
 11255 | D:10     | Found a staircase to the Orcish Mines.
 11295 | D:10     | Received a gift from Trog
 11351 | D:10     | Found a roughly hewn altar of Beogh.
 11717 | D:10     | Reached XP level 11. HP: 69/69 MP: 11/11
 12162 | D:10     | Found a roughly hewn altar of Beogh.
 12167 | D:10     | Reached skill level 11 in Axes
 12241 | D:11     | Noticed Erica
 12264 | D:11     | Noticed a two-headed ogre
 12266 | D:11     | Killed Erica
 12301 | D:11     | Mangled by a two-headed ogre

Skill      XL: |  1  2  3  4  5  6  7  8  9 10 11 |
---------------+----------------------------------+-----
Axes           | 3 4 5 6 7 9 10 11 | 11.2
Fighting       | 4 5 6 7 8 |  8.9
Dodging        | 2 3 4 6 |  6.4
Stealth        | 1 2 3 4 5 6 |  6.6
Armour         | |  2.3

Action                   |  1- 3 |  4- 6 |  7- 9 | 10-12 || total
-------------------------+-------+-------+-------+-------++-------
Melee: Hand axe          |   104 |   233 |   395 |   374 ||  1106
Invok: Berserk           |     1 |     3 |     4 |     4 ||    12
       Burn Spellbooks   |       |       |     1 |       ||     1
  Use: Scroll            |       |       |    17 |     9 ||    26
       Potion            |       |       |     2 |     2 ||     4
 Stab: Sleeping          |     1 |     3 |    12 |     7 ||    23
       Paralysed         |       |     2 |       |       ||     2
       Invisible         |       |     1 |       |       ||     1
  Eat: Chunk             |     2 |     8 |    19 |     8 ||    37
       Ration            |       |     1 |     1 |     1 ||     3
Armor: Animal skin       |    33 |    67 |       |       ||   100
       Steam dragon scal |       |    46 |   148 |   148 ||   342
Dodge: Dodged            |    74 |   162 |   210 |   259 ||   705
